 Dungeon Crawl Stone Soup version 0.21.1-1-g345015f (webtiles) character file.

19063 letownia2 the Impaler (level 12, -6/91 HPs)
             Began as a Merfolk Wizard on Mar 19, 2018.
             Was the Champion of Cheibriados.
             Killed from afar by a deep elf mage (25 damage)
             ... with a bolt of negative energy
             ... on level 12 of the Dungeon.
             The game lasted 00:52:28 (5584 turns).

letownia2 the Impaler (Merfolk Wizard)              Turns: 5584, Time: 00:52:28

Health: -6/91      AC:  8    Str: 27    XL:     12   Next: 65%
Magic:  18/22      EV: 19    Int: 38    God:    Cheibriados [******]
Gold:   285        SH:  0    Dex: 27    Spells: 11/24 levels left

rFire    + . .     SeeInvis +   a - +3 demon trident
rCold    . . .     Gourm    .   (no shield)
rNeg     . . .     Faith    .   i - +0 leather armour
rPois    .         Spirit   .   B - +0 helmet
rElec    .         Reflect  .   X - +0 cloak of Tulips {*Drain Int+5 SInv} (curse)
rCorr    .         Harm     .   H - +1 pair of gloves
MR       +....                  x - +0 pair of boots
Stlth    ++........             (no amulet)
HPRegen  0.25/turn              l - ring of protection from magic
MPRegen  0.18/turn              j - ring of protection from fire

@: drained, very slow
A: change form in water, swift swim, stealthy swim
a: Bend Time, Temporal Distortion, Slouch, Step From Time, Renounce Religion


You were on level 12 of the Dungeon.
You worshipped Cheibriados.
Cheibriados was exalted by your worship.
You were very hungry.

You visited 1 branch of the dungeon, and saw 12 of its levels.

You collected 285 gold pieces.

Inventory:

Hand Weapons
 a - a +3 demon trident (weapon)
 b - a +0 halberd
 M - a +0 scimitar of flaming
Missiles
 u - 7 tomahawks (quivered)
 T - 5 javelins
Armour
 i - a +0 leather armour (worn)
 o - a +0 ring mail
 s - a +0 scale mail
 x - a +0 pair of boots (worn)
 B - a +0 helmet (worn)
 H - a +1 pair of gloves (worn)
 O - a +2 robe of cold resistance
 X - the cursed +0 cloak of Tulips (worn) {*Drain Int+5 SInv}
   (You found it on level 11 of the Dungeon)

   It affects your intelligence (+5).
   It lets you see invisible.
   It causes draining when unequipped.
   It has a curse placed upon it.
 Z - a +2 robe of cold resistance
Jewellery
 j - a ring of protection from fire (right hand)
 l - a ring of protection from magic (left hand)
 Y - an uncursed ring of ice
Wands
 d - a wand of polymorph (21)
 r - a wand of flame (20)
 F - a wand of acid (7)
 N - a wand of iceblast (11)
 Q - a wand of digging (8)
Scrolls
 g - a scroll of identify
 h - 2 scrolls of fog
 k - 3 scrolls of enchant armour
 n - a scroll of blinking
 q - 5 scrolls of teleportation
 t - 2 scrolls of amnesia
 y - 2 scrolls of remove curse
 A - 2 scrolls of magic mapping {unknown}
 C - a scroll of enchant weapon {unknown}
 G - a scroll of noise {unknown}
 I - a scroll of immolation {unknown}
 U - a scroll of brand weapon {unknown}
Potions
 e - a potion of heal wounds
 f - a potion of lignification
 w - a potion of curing
 z - a potion of mutation
 D - a potion of cancellation
 K - a potion of berserk rage {unknown}
 P - a potion of degeneration {unknown}
 R - a potion of ambrosia {unknown}
Books
 W - a book of Party Tricks

   Spells                             Type                      Level
   a - Summon Butterflies             Summoning                    1
   b - Apportation                    Translocation                1
   c - Lesser Beckoning               Translocation                3
   d - Tukima's Dance                 Hexes                        3
   e - Alistair's Intoxication        Transmutation/Poison         5
   f - Invisibility                   Hexes                        6
Comestibles
 p - 20 rations


   Skills:
 + Level 7.1(5.9) Fighting
 - Level 16.1(14.5) Polearms
 - Level 1.5(0.5) Armour
 + Level 8.8(7.5) Dodging
 - Level 2.1(1.1) Stealth
 - Level 6.9(5.7) Spellcasting
 - Level 3.1(2.0) Conjurations
 - Level 2.2(1.2) Summonings
 - Level 1.3(0.3) Translocations
 - Level 1.4(0.3) Fire Magic
 - Level 1.0(0.0) Air Magic
 - Level 1.4(0.3) Poison Magic
 - Level 11.2(9.8) Invocations


You had 11 spell levels left.
You knew the following spells:

 Your Spells              Type           Power        Failure   Level  Hunger
a - Magic Dart            Conj           ####         1%          1    None
b - Blink                 Tloc           N/A          4%          2    None
c - Conjure Flame         Conj/Fire      ###.....     6%          3    None
e - Mephitic Cloud        Conj/Pois/Air  ###.....     8%          3    None
i - Call Imp              Summ           ###.....     3%          2    None
k - Animate Skeleton      Necr           N/A          3%          1    None
z - Summon Butterflies    Summ           ###.....     2%          1    None


Dungeon Overview and Level Annotations

Branches:
Dungeon (12/15)            Temple (0/1) D:6            Lair (0/6) D:8
    Orc: D:9-12

Altars:
Cheibriados
Dithmenos
Gozag
Kikubaaqudgha
Makhleb
Nemelex Xobeh
Okawaru
Ru
Yredelemnul
Zin

Shops:
D:9 =   D:10 :

Portals:
Trove: D:11 (give 6 potions of haste)

Annotations:
D:5 2 transporters


Message History

The deep elf mage points at you and mumbles some strange words.
The bolt of negative energy hits the red devil.
The red devil completely resists.
The bolt of negative energy hits you!
You feel drained.
* * * LOW HITPOINT WARNING * * *
The red devil closely misses you. The red devil closely misses you.
The orange demon closely misses you.
The deep elf mage mumbles some strange words.
The deep elf mage blinks!
Unknown command.
Unknown command.
Casting: Blink
Confirm with . or Enter, or press ? or * to list all spells.
You blink.
The orc shouts!
The red devil misses you.
The deep elf mage points at you and mumbles some strange words.
The bolt of negative energy hits you!
You feel drained.
You die...

#.# ###### .#########...)...#
#.## #.... ... ................
#..## #..###o# ########>......#
##..####..##†####÷yo))(....(..#
##.......((....)(#######.#####
#######.(....)### #.#
#.(....... #.# #(.....### #.#
#.....@### #.# #.)...4z.# #.#
#..e..4#.## #.# .........#.§#
#........##........
..#..##########.... ...... ..
#### #


You could see a skeletal warrior, an orange demon, a deep elf mage, a red devil
and an orc.

Vanquished Creatures
  Snorg (D:11)
  Erica (D:9)
  Fannar (D:10)
  4 two-headed ogres
  A death knight (D:12)
  Urug (D:11)
  A skeletal warrior (D:12)
  A deep elf mage (D:12)
  A cyclops (D:11)
  3 ugly things
  Maurice (D:8)
  Psyche (D:11)
  The ghost of Tramtrist the Covert, a novice SpAs of Dithmenos (D:7)
  A freezing wraith (D:11)
  A queen bee (D:11)
  2 trolls
  A hippogriff (D:10)
  A shadow (D:12)
  A spriggan (D:9)
  A wyvern (D:11)
  17 yaks
  2 vampire mosquitoes (D:12)
  3 wargs (D:8)
  5 hungry ghosts
  A soldier ant (D:10)
  A water moccasin (D:8)
  A hornet zombie (D:7)
  5 orc warriors
  4 ice beasts
  3 ogres
  2 phantoms (D:10)
  5 centaurs (D:12)
  A necrophage (D:11)
  3 bullfrogs
  2 scorpions
  27 killer bees
  2 howler monkeys
  2 crimson imps
  8 orc priests
  A hound (D:10)
  3 jellies
  A centaur skeleton (D:11)
  11 orc wizards
  2 bullfrog skeletons
  3 iguanas
  5 worker ants
  A worker ant zombie (D:11)
  A gnoll (D:7)
  15 adders
  A howler monkey skeleton (D:9)
  3 shadow imps
  An adder skeleton (D:9)
  38 orcs
  3 giant cockroaches
  13 goblins
  4 hobgoblins
  6 jackals
  5 kobolds
  3 quokkas
  A ball python (D:6)
  A bat (D:1)
  A quokka zombie (D:5)
  6 rats
249 creatures vanquished.

Vanquished Creatures (collateral kills)
  A sky beast (D:6)
  5 killer bees (D:11)
  An iguana (D:7)
  A worker ant (D:4)
  Robin (D:3)
  3 adders
  2 worms
  A leopard gecko (D:6)
  10 orcs
  A hobgoblin (D:2)
  2 kobolds (D:2)
  A rat (D:3)
29 creatures vanquished.

Grand Total: 278 creatures vanquished

Notes
Turn   | Place    | Note
-------+----------+-------------------------------------------
     0 | D:1      | letownia2 the Merfolk Wizard began the quest for the Orb.
     0 | D:1      | Reached XP level 1. HP: 13/13 MP: 4/4
    52 | D:1      | Reached skill level 1 in Conjurations
   220 | D:2      | Reached XP level 2. HP: 11/19 MP: 0/6
   231 | D:2      | Learned a level 2 spell: Call Imp
   234 | D:2      | Found a faded altar of an unknown god.
   410 | D:2      | Reached XP level 3. HP: 13/24 MP: 3/7
   415 | D:2      | Learned a level 3 spell: Mephitic Cloud
   579 | D:3      | Found a snail-covered altar of Cheibriados.
   582 | D:3      | Found a basalt altar of Yredelemnul.
   584 | D:3      | Found an ancient bone altar of Kikubaaqudgha.
   590 | D:3      | Became a worshipper of Cheibriados the Contemplative
   880 | D:3      | Reached skill level 1 in Polearms
   880 | D:3      | Reached skill level 1 in Poison Magic
   880 | D:3      | Reached XP level 4. HP: 19/30 MP: 1/8
   908 | D:3      | Learned a level 3 spell: Conjure Flame
  1083 | D:4      | Reached skill level 1 in Air Magic
  1276 | D:4      | Noticed Robin
  1276 | D:4      | Reached * piety under Cheibriados
  1290 | D:3      | Killed Robin
  1364 | D:5      | Entered Level 5 of the Dungeon
  1473 | D:6      | Reached XP level 5. HP: 28/35 MP: 5/10
  1496 | D:6      | Noticed a sky beast
  1514 | D:6      | Killed a sky beast
  1514 | D:6      | Reached skill level 1 in Fire Magic
  1534 | D:5      | Noticed a cyclops
  1535 | D:5      | Found a transporter.
  1535 | D:5      | Found a transporter.
  1536 | D:5      | Found a burning altar of Makhleb.
  1569 | D:5      | Reached XP level 6. HP: 41/41 MP: 3/11
  1600 | D:7      | Noticed an ice beast
  1796 | D:6      | Learned a level 2 spell: Blink
  1809 | D:6      | Found a staircase to the Ecumenical Temple.
  1894 | D:7      | Found an iron altar of Okawaru.
  1942 | D:7      | Noticed Tramtrist's ghost (novice SpAs)
  2036 | D:7      | Killed an ice beast
  2036 | D:7      | Reached skill level 1 in Fighting
  2036 | D:7      | Reached skill level 1 in Translocations
  2036 | D:7      | Reached XP level 7. HP: 37/48 MP: 3/14
  2069 | D:7      | Reached ** piety under Cheibriados
  2069 | D:7      | Reached skill level 2 in Polearms
  2112 | D:7      | Found a glowing silver altar of Zin.
  2128 | D:7      | Killed Tramtrist's ghost
  2128 | D:7      | Reached skill level 6 in Polearms
  2142 | D:7      | Reached skill level 7 in Polearms
  2166 | D:7      | Reached skill level 8 in Polearms
  2166 | D:7      | Reached XP level 8. HP: 11/54 MP: 1/15
  2312 | D:6      | Found a sacrificial altar of Ru.
  2406 | D:8      | Reached skill level 9 in Polearms
  2518 | D:8      | Reached skill level 10 in Polearms
  2581 | D:9      | Noticed a spriggan baker
  2588 | D:9      | Killed a spriggan baker
  2588 | D:9      | Reached skill level 11 in Polearms
  2693 | D:8      | Reached skill level 5 in Spellcasting
  2693 | D:8      | Reached XP level 9. HP: 61/61 MP: 13/16
  2789 | D:8      | Noticed Maurice
  2812 | D:8      | Killed Maurice
  2812 | D:8      | Reached skill level 1 in Armour
  2916 | D:9      | Found Rinweylle's Jewellery Boutique.
  2953 | D:9      | Reached *** piety under Cheibriados
  3014 | D:9      | Reached skill level 12 in Polearms
  3028 | D:9      | Found a shadowy altar of Dithmenos.
  3233 | D:8      | Found a staircase to the Lair.
  3371 | D:9      | Noticed Erica
  3381 | D:9      | Killed Erica
  3381 | D:9      | Reached skill level 13 in Polearms
  3381 | D:9      | Reached XP level 10. HP: 72/72 MP: 7/20
  3493 | D:9      | Found a sparkling altar of Nemelex Xobeh.
  3652 | D:9      | Reached **** piety under Cheibriados
  3720 | D:10     | Entered Level 10 of the Dungeon
  3720 | D:10     | Noticed a white ugly thing
  3743 | D:10     | Killed a white ugly thing
  3898 | D:10     | Reached skill level 5 in Dodging
  3907 | D:10     | Reached skill level 14 in Polearms
  3963 | D:10     | Found an opulent altar of Gozag.
  4006 | D:10     | Reached ***** piety under Cheibriados
  4059 | D:10     | Reached skill level 5 in Fighting
  4171 | D:11     | Reached skill level 1 in Invocations
  4188 | D:11     | Reached skill level 15 in Polearms
  4194 | D:11     | Reached XP level 11. HP: 72/79 MP: 9/21
  4217 | D:11     | Noticed Snorg
  4230 | D:11     | Killed Snorg
  4235 | D:11     | Noticed a purple ugly thing
  4246 | D:11     | Killed a purple ugly thing
  4268 | D:11     | Reached skill level 5 in Invocations
  4326 | D:11     | Noticed Urug
  4356 | D:11     | Killed Urug
  4356 | D:11     | Reached skill level 16 in Polearms
  4436 | D:11     | Reached ****** piety under Cheibriados
  4471 | D:11     | Noticed a two-headed ogre
  4491 | D:11     | Killed a two-headed ogre
  4558 | D:11     | Found a portal to a secret trove of treasure.
  4638 | D:11     | Learned a level 1 spell: Summon Butterflies
  4652 | D:11     | Noticed a cyclops
  4661 | D:11     | Killed a cyclops
  4701 | D:11     | Noticed Psyche
  4706 | D:11     | Killed Psyche
  4723 | D:10     | Noticed a two-headed ogre
  4740 | D:10     | Killed a two-headed ogre
  4815 | D:11     | Got an ichor-stained cloak
  4826 | D:11     | Identified the cursed +0 cloak of Tulips {*Drain Int+5 SInv} (You found it on level 11 of the Dungeon)
  4913 | D:12     | Noticed a two-headed ogre
  4913 | D:12     | Noticed a skeletal warrior
  4913 | D:12     | Noticed a skeletal warrior
  4924 | D:11     | Killed a two-headed ogre
  4981 | D:10     | Found Deheh's Book Shop.
  4989 | D:10     | Noticed Fannar
  5000 | D:10     | Killed Fannar
  5000 | D:10     | Reached skill level 10 in Invocations
  5000 | D:10     | Reached XP level 12. HP: 61/86 MP: 16/22
  5110 | D:12     | Noticed a death knight
  5221 | D:12     | Noticed a two-headed ogre
  5237 | D:12     | Killed a two-headed ogre
  5420 | D:12     | Killed a death knight
  5535 | D:12     | Learned a level 1 spell: Animate Skeleton
  5584 | D:12     | Killed from afar by a deep elf mage

Skill      XL: |  1  2  3  4  5  6  7  8  9 10 11 12 |
---------------+-------------------------------------+-----
Conjurations   | 1 2 3 |  3.1
Summonings     | 2 |  2.2
Polearms       | 1 8 11 13 15 16 | 16.1
Poison Magic   | 1 |  1.4
Air Magic      | 1 |  1.0
Fire Magic     | 1 |  1.4
Spellcasting   | 4 5 6 |  6.9
Fighting       | 1 4 5 7 |  7.1
Translocations | 1 |  1.3
Armour         | 1 |  1.5
Dodging        | 6 8 |  8.8
Invocations    | 2 10 11 | 11.2
Stealth        | |  2.1

Action                   |  1- 3 |  4- 6 |  7- 9 | 10-12 || total
-------------------------+-------+-------+-------+-------++-------
Melee: Unarmed           |    24 |       |       |       ||    24
       Short sword       |    24 |    88 |       |       ||   112
       Trident           |       |    23 |   256 |   199 ||   478
       Halberd           |       |       |       |    48 ||    48
       Demon trident     |       |       |       |   234 ||   234
Throw: Tomahawk          |       |    23 |     9 |    13 ||    45
 Cast: Magic Dart        |    39 |    57 |    10 |       ||   106
       Call Imp          |    12 |    13 |     5 |     1 ||    31
       Mephitic Cloud    |       |     6 |    16 |    30 ||    52
       Conjure Flame     |       |     5 |    18 |    45 ||    68
       Blink             |       |     1 |     1 |    15 ||    17
       Summon Butterflie |       |       |       |     1 ||     1
Invok: Slouch            |       |       |       |     1 ||     1
Evoke: Wand              |       |       |     3 |    15 ||    18
  Use: Scroll            |       |     5 |     3 |     6 ||    14
       Potion            |       |       |       |     2 ||     2
 Stab: Sleeping          |     3 |       |       |     4 ||     7
       Distracted        |       |     1 |     2 |       ||     3
       Confused          |       |       |    14 |    24 ||    38
  Eat: Chunk             |       |     4 |     5 |     5 ||    14
       Ration            |       |       |     1 |       ||     1
Armor: Robe              |    18 |    20 |    13 |       ||    51
       Leather armour    |       |       |    12 |    35 ||    47
       Skin              |       |       |       |    15 ||    15
Dodge: Dodged            |    37 |    84 |    64 |   121 ||   306
